 Dungeon Crawl Stone Soup version 0.32-a0-841-g4648e6c457 (webtiles) character file.

Game seed: 5169159062864823029

18 ytrimaz the Caller (level 2, 0/17 HPs)
             Began as an Octopode Summoner on Mar 26, 2024.
             Slain by a kobold
             ... wielding a +0 short sword
              (3 damage)
             ... on level 1 of the Dungeon.
             The game lasted 00:00:28 (270 turns).

ytrimaz the Caller (Octopode Summoner)               Turns: 270, Time: 00:00:29

Health: 0/17       AC:  1    Str:  7    XL:     2   Next: 66%
Magic:  3/5        EV: 12    Int: 17    God:
Gold:   11         SH:  0    Dex: 12    Spells: 3/6 levels left

rFire   . . .        (no weapon)
rCold   . . .        (no shield)
rNeg    . . .        (helmet restricted)
rPois   .            d - amulet of the acrobat
rElec   .            (no ring)
rCorr   .            (no ring)
SInv    .            (no ring)
Will    .....        (no ring)
Stlth   +++          (no ring)
HPRegen 0.22/turn    (no ring)
MPRegen 0.09/turn    (no ring)
                     (no ring)

%: acrobat
@: no status effects
A: almost no armour, amphibious, 8 rings, camouflage 1, gelatinous body 1,
(nimble swimmer 1), tentacles
a: no special abilities


You were on level 1 of the Dungeon.
You visited 1 branch of the dungeon, and saw 1 of its levels.

You collected 11 gold pieces.


Innate Abilities, Weirdness & Mutations

You cannot wear most types of armour.
You are amphibious.
You can wear up to eight rings at the same time.
Your skin changes colour to match your surroundings (Stealth+).
Your rubbery body absorbs attacks. (AC +1, EV +1)
((You are camouflaged when in or above water. (Stealth+)))
You have tentacles for arms and can constrict up to eight enemies at once.


   Skills:
 - Level 2.0 Dodging
 - Level 2.6 Stealth
 + Level 2.5 Spellcasting
 + Level 4.3 Summonings


You had 3 spell levels left.
You knew the following spells:

 Your Spells              Type           Power      Damage    Failure   Level
a - Summon Small Mammal   Summ           68%        N/A       3%          1
b - Call Imp              Summ           34%        N/A       4%          2

Your spell library contained the following spells:

 Spells                   Type           Power      Damage    Failure   Level
 Call Canine Familiar     Summ           17%        N/A       9%          3
 Summon Blazeheart Golem  Fire/Summ      9%         N/A       58%         4
 Summon Lightning Spire   Summ/Air       9%         N/A       58%         4

Inventory:

Jewellery
 d - an amulet of the acrobat (around mantle)
   (You found it on level 1 of the Dungeon)
Scrolls
 c - a scroll of identify {unknown}
 e - a scroll of immolation {unknown}
Potions
 a - a potion of magic
 b - a potion of cancellation {unknown}
 f - a potion of mutation {unknown}

Dungeon Overview and Level Annotations

Branches:
Dungeon (1/15) Zot: 5729

Altars:

#....)..# ....... .....
#.).....# ....... ......
#.......+........ ......
#.......#........ .....)
#................
......##.##.##.#........
.........##.##.#........
........b##.##.# .......
.......@.##.##.# ##....
......Kh.##.##.# #....
##+###.r.##.##.#####....
#.g.##.##..........
#...##.############
...............
............###
######...#### #...#


You could see a jackal, a goblin (ally target), a kobold (ally target), a
friendly quokka (summoned) and a friendly bat (summoned).


Message History

You lost 1 mp, and now have 4/5 mp. 😎 MP[-1]
You lost 1 mp, and now have 3/5 mp.
You swap places.
Your bat hits the endoplasm.
The endoplasm quivers.
Unknown command.
A goblin and a jackal come into view.
Your bat hits the endoplasm.
Your bat hits the endoplasm but does no damage. x2
You barely miss the endoplasm.
Your bat hits the endoplasm but does no damage. x2
The endoplasm jiggles.
The endoplasm freezes you.
You are frozen. 😕 HP[-4]
You take 4 damage, and now have 13/17 hp.
MASSIVE DAMAGE!! (PAUSE)
You tentacle-slap the endoplasm. You squeeze the endoplasm.
You kill the endoplasm!
Your bat barely misses the endoplasm.
Your bat hits the endoplasm.
Your bat hits the endoplasm but does no damage.
A jackal comes into view.
Your bat barely misses the endoplasm.
Your bat hits the endoplasm.
The endoplasm dies!
The goblin barely misses your bat.
A kobold comes into view. It is wielding a +0 short sword.
Your bat misses the goblin. Your bat hits the goblin. x2
The goblin hits your bat with a +0 club.
Your bat dies!
Your bat's corpse disappears in a puff of smoke!
The goblin shouts!
Your bat closely misses the goblin.
Your bat hits the goblin. The goblin barely misses your bat.
Unknown command.
Your bat hits the goblin.
The goblin dies! 😕 HP[+1]
A jackal comes into view.
The jackal barks! 😕 MP[+1] Unknown command.
Your bat hits the jackal but does no damage.
The jackal completely misses you.
A goblin comes into view. It is wielding a +0 club.
Your bat hits the jackal but does no damage.
Your bat closely misses the jackal.
The jackal attacks as it pursues you! The jackal closely misses you.
You tentacle-slap the jackal. You grab the jackal. You squeeze the jackal.
You kill the jackal!
Your bat misses the jackal. The jackal completely misses you.
The jackal barely misses you. 😕 HP[+1]
Your bat hits the jackal but does no damage.
The jackal attacks as it pursues you! The jackal completely misses you.
The jackal closely misses you. The jackal bites you.
The jackal closely misses you. 😕 HP[-1] MP[-1]
You take 1 damage, and now have 14/17 hp.
You lost 1 mp, and now have 3/5 mp.
Your bat disappears in a puff of smoke!
The jackal barely misses you.
The kobold hits you with a +0 short sword.
The jackal barely misses you.
Your quokka completely misses the jackal.
The jackal bites you.
* * * LOW HITPOINT WARNING * * *
Unknown command. 😨 HP[-6] MP[-1]
You take 6 damage, and now have 8/17 hp.
MASSIVE DAMAGE!! (PAUSE)
You lost 1 mp, and now have 2/5 mp.
You tentacle-slap the kobold but do no damage.
You grab the kobold.
You squeeze the kobold, but do no damage.
You constrict the kobold. Your bat hits the jackal.
The jackal closely misses you. The kobold hits you but does no damage.
The jackal bites you.
* * * LOW HITPOINT WARNING * * *
Your quokka bites the jackal.
The jackal bites you.
* * * LOW HITPOINT WARNING * * *
Your bat closely misses the jackal. 😱 HP[-5]
You take 5 damage, and now have 3/17 hp.
MASSIVE DAMAGE!! (PAUSE) Unknown command.
You release your grip on the kobold.
The kobold closely misses your bat. The jackal attacks as it pursues you!
The jackal misses you.
Your quokka bites the jackal.
The jackal dies!
Your bat completely misses the kobold.
Unknown command.
You swap places.
Your bat misses the jackal. The jackal completely misses you.
The kobold completely misses you. The jackal completely misses you.
The goblin hits your quokka with a +0 club.
Unknown command.
You barely miss the jackal. You grab the jackal. You constrict the jackal.
Your bat hits the jackal but does no damage.
Your quokka bites the goblin.
The kobold hits you with a +0 short sword.
You die...

Action                     || total
---------------------------++-------
  Melee: Unarmed           ||    26
         Constrict         ||    12
         Tentacles         ||     7
         Punch             ||     1
   Cast: Summon Small Mamm ||    11
 Armour: Skin              ||    21
  Dodge: Dodged            ||    34

Levels and vault maps discovered:
D:1:      sevenhm_arrival_forest_fort_small_5, layout_basic,
          dreamdust_ecumenical_altar_grove, minmay_misc_feat_more_columns

Notes
Turn   | Place    | Note
-------+----------+-------------------------------------------
     0 | D:1      | ytrimaz the Octopode Summoner began the quest for the Orb.
     0 | D:1      | Reached XP level 1. HP: 11/11 MP: 3/3
     0 | D:1      | magus.rc [v1.9.6]
   150 | D:1      | Reached XP level 2. HP: 13/17 MP: 3/5
   191 | D:1      | Learned a level 2 spell: Call Imp
   267 | D:1      | HP: 3/17 [jackal (3)]
   270 | D:1      | Slain by a kobold

Vanquished Creatures
  An endoplasm (D:1)
  2 goblins (D:1)
  A hobgoblin (D:1)
  A jackal (D:1)
  2 ball pythons (D:1)
  3 rats (D:1)
10 creatures vanquished.

Vanquished Creatures (collateral kills)
  An endoplasm (D:1)
  2 goblins (D:1)
  A jackal (D:1)
  A bat (D:1)
  A frilled lizard (D:1)
6 creatures vanquished.

Grand Total: 16 creatures vanquished

Table legend:
 A = Non-vault XP
 B = Vault XP
 C = Vault XP percentage of total XP
 D = Non-vault monster count
 E = Vault monster count
 F = Vault count percentage of total count
                 A         B        C        D         E       F
            +---------+---------+-------+---------+---------+-------
      Total |      26 |       0 |   0.0 |      16 |       0 |   0.0
            +---------+---------+-------+---------+---------+-------
        D:1 |      26 |       0 |   0.0 |      16 |       0 |   0.0
            +---------+---------+-------+---------+---------+-------

Action                     || total
---------------------------++-------
  Melee: Unarmed           ||    26
         Constrict         ||    12
         Tentacles         ||     7
         Punch             ||     1
   Cast: Summon Small Mamm ||    11
 Armour: Skin              ||    21
  Dodge: Dodged            ||    34

Illustrated notes

Table legend:
 A = Kills in this place as a percentage of kills in the entire game.
 B = Kills by you in this place as a percentage of kills by you in the entire game.
 C = Kills by friends in this place as a percentage of kills by friends in the entire game.
 D = Other kills in this place as a percentage of other kills in the entire game.
 E = Experience gained in this place as a percentage of experience gained in the entire game.
 F = Experience gained in this place divided by the number of levels of this place that you have seen.
                   A       B       C       D       E      F
               +-------+-------+-------+-------+-------+----------------------
         Total | 100.0 | 100.0 | 100.0 |   N/A | 100.0 |  26.0
       Dungeon | 100.0 | 100.0 | 100.0 |   N/A | 100.0 |  26.0
               +-------+-------+-------+-------+-------+----------------------

Table legend: (Time is in decaauts)
 A = Elapsed time spent in this place.
 B = Non-inter-level travel time spent in this place.
 C = Inter-level travel time spent in this place.
 D = Time resting spent in this place.
 E = Time spent auto-exploring this place.
 F = Levels seen in this place.
 G = Mean time per level.
                   A        B        C        D        E       F      G
               +--------+--------+--------+--------+--------+-----+--------+
         Total |    270 |    270 |      0 |      0 |    163 |   1 |  270.0 |
       Dungeon |    270 |    270 |      0 |      0 |    163 |   1 |  270.0 |
               +--------+--------+--------+--------+--------+-----+--------+

Top non-repeatable levels by time:
     D:1: 270 daAuts
